 Dungeon Crawl Stone Soup version 0.29.1-15-g9cfb28693d (webtiles) character file.

Game seed: 3942857969638184142

3069 Anriel the Basher (level 9, -7/74 HPs)
             Began as a Minotaur Gladiator on Feb 27, 2023.
             Was a Follower of Okawaru.
             Shot with a sling bullet by Joseph (10 damage)
             ... on level 8 of the Dungeon.
             The game lasted 00:48:54 (7352 turns).

Anriel the Basher (Minotaur Gladiator)              Turns: 7352, Time: 00:48:55

Health: -7/74      AC: 13    Str: 23    XL:     9   Next: 58%
Magic:  8/8        EV:  7    Int: 11    God:    Okawaru [*.....]
Gold:   500        SH:  0    Dex: 12    Spells: 8/8 levels left

rFire   x . .      SeeInvis .   a - +3 morningstar (protect)
rCold   . . .      Faith    .   (no shield)
rNeg    . . .      Spirit   .   b - +0 plate armour
rPois   .          Reflect  .   c - +1 hat
rElec   +          Harm     .   (no cloak)
rCorr   .          Rampage  .   (no gloves)
Will    .....                   f - +0 pair of boots of Ikhum {+Inv rElec rF- Int+6}
Stlth   ..........              (no amulet)
HPRegen 0.22/turn               g - +4 ring of slaying
MPRegen 0.11/turn               (no ring)

@: about to teleport
A: horns 2, retaliatory headbutt
a: Renounce Religion, Evoke Invisibility, Heroism


You were on level 8 of the Dungeon.
You worshipped Okawaru.
Okawaru was aware of your devotion.
You visited 2 branches of the dungeon, and saw 9 of its levels.

You collected 500 gold pieces.

Inventory:

Hand Weapons
 a - a +3 morningstar of protection (weapon)
 l - the +3 shortbow of Tuoghulu {freeze, Will+ Str+6}
   (You found it on level 5 of the Dungeon)

   Any ammunition fired from it freezes those it strikes, dealing additional
   cold damage.
   It can also slow down cold-blooded creatures.
   Str:       It affects your strength (+6).
   Will:      It increases your willpower.
 o - a +2 vorpal flail
 t - the +5 long sword of Yeast {antimagic, Fly Str+6}
   (You found it on level 3 of the Dungeon)

   It reduces the magical energy of the wielder, and disrupts the spells and
   magical abilities of those it strikes.
   Natural abilities and divine invocations are not affected.
   Str:       It affects your strength (+6).
   Fly:       It grants you flight.
 y - the +4 mace of Esipn {antimagic, Str+4 Stlth-}
   (You found it on level 7 of the Dungeon)

   It reduces the magical energy of the wielder, and disrupts the spells and
   magical abilities of those it strikes.
   Natural abilities and divine invocations are not affected.
   Str:       It affects your strength (+4).
   Stlth:     It makes you less stealthy.
Missiles
 k - 4 poisoned darts (quivered)
 p - 4 boomerangs
Armour
 b - a +0 plate armour (worn)
 c - a +1 hat (worn)
 f - the +0 pair of boots of Ikhum (worn) {+Inv rElec rF- Int+6}
   (You found it on level 3 of the Dungeon)

   Int:       It affects your intelligence (+6).
   rF:        It makes you vulnerable to fire.
   rElec:     It insulates you from electricity.
   +Inv:      It lets you turn invisible.
Jewellery
 g - a +4 ring of slaying (left hand)
 j - an amulet of magic regeneration
 r - a ring of wizardry
Wands
 s - a wand of paralysis (1)
Scrolls
 i - 3 scrolls of magic mapping
 n - 2 scrolls of immolation
Potions
 e - a potion of brilliance
 m - 2 potions of curing
 q - a potion of lignification
 w - 2 potions of flight


   Skills:
 - Level 5.0(2.5) Fighting
 + Level 9.6(5.6) Maces & Flails
 + Level 5.9(2.9) Ranged Weapons
 - Level 2.0(1.0) Throwing
 + Level 6.8(3.4) Armour
 - Level 5.2(2.6) Dodging
 - Level 5.0(2.5) Evocations


You had 8 spell levels left.
You didn't know any spells.
Your spell library contained the following spells:

 Spells                   Type           Power      Damage    Failure   Level
 Freeze                   Ice            0%         1d3       100%        1
 Frozen Ramparts          Ice            0%         1d1       100%        3
 Hailstorm                Conj/Ice       0%         3d3       100%        4
 Conjure Ball Lightning   Conj/Air       0%         3x3d6     100%        6
 Eringya's Noxious Bog    Tmut/Pois      0%         N/A       100%        6
 Discord                  Hex            0%         N/A       100%        8
 Disjunction              Tloc           0%         N/A       100%        8
 Summon Forest            Summ/Tloc      Unusable   N/A       N/A         5
 Summon Hydra             Summ           Unusable   N/A       N/A         7

Dungeon Overview and Level Annotations

Branches:
Dungeon (8/15)             Temple (1/1) D:4
   Lair: D:8-11

Altars:
Ashenzari
Dithmenos
Elyvilon
Fedhas
Gozag
Hepliaklqana
Kikubaaqudgha
Makhleb
Nemelex Xobeh
Okawaru
Ru
Sif Muna
Trog
Uskayaw
Vehumet
Wu Jian
Xom
Yredelemnul
Zin
The Shining One

Annotations:
D:8 Joseph


Innate Abilities, Weirdness & Mutations

You have a pair of horns on your head.
You reflexively headbutt those who attack you in melee.


Message History

Throw: 8 darts (poison)
Press: ? - help, Q - select action, (/) - cycle Shift-Dir - straight line, f/p - orc warrior
Aim: an orc warrior, wielding a +0 hand axe and wearing a +0 chain mail (moderately wounded, very poisoned, 60% to hit)
You throw a poisoned dart.
The poisoned dart closely misses the orc warrior.
The poisoned dart hits Joseph.
Joseph is poisoned.
Throw: 7 darts (poison)
Press: ? - help, Q - select action, (/) - cycle Shift-Dir - straight line, f/p - orc warrior
Aim: an orc warrior, wielding a +0 hand axe and wearing a +0 chain mail (heavily wounded, poisoned, 60% to hit)
You throw a poisoned dart. The poisoned dart hits the orc warrior.
The orc warrior looks even sicker.
The orc warrior is heavily wounded.
Joseph looks more healthy.
You puncture the orc warrior!
Your weapon exudes an aura of protection.
You kill the orc warrior!
Okawaru accepts your kill.
You can now gain great but temporary skills.
Joseph shoots a sling bullet.
The sling bullet closely misses you.
Throw: 6 darts (poison)
Press: ? - help, Q - select action, (/) - cycle Shift-Dir - straight line, f - Joseph
Aim: Joseph, wielding a +0 sling and wearing a +3 ring mail of fire resistance (lightly wounded, 66% to hit)
You throw a poisoned dart. The poisoned dart hits Joseph.
Joseph is poisoned.
Joseph is lightly wounded.
Joseph shoots a sling bullet.
The sling bullet hits you.
Throw: 5 darts (poison)
Press: ? - help, Q - select action, (/) - cycle Shift-Dir - straight line, f/p - Joseph
Aim: Joseph, wielding a +0 sling and wearing a +3 ring mail of fire resistance (lightly wounded, poisoned, 66% to hit)
You throw a poisoned dart. The poisoned dart barely misses Joseph.
Joseph shoots a sling bullet.
The sling bullet hits you!
* * * LOW HITPOINT WARNING * * *
Joseph shoots a sling bullet.
The sling bullet hits you!!
* * * LOW HITPOINT WARNING * * *
Okay, then.
As you read the scroll of fog, it crumbles to dust.
The scroll dissolves into smoke.
As you read the scroll of teleportation, it crumbles to dust.
You feel strangely unstable.
Joseph shoots a sling bullet.
The sling bullet hits you!
You die...

..)....# #.#.(..#
##'##### #.#@####
.......# #.#.#
....)..# #.#.#
....)..# #.#§#####
.......# #.#§§§@§#
)......###.#####§#
.......'.......#.#
.......###.###.#@#
.........#.# #.#
####...###.# #.#
####.#...#.. #.####
.....###########.#..#
........(..........##
################.#.#
..)....).........#.#
##################.#


You could see Joseph.

Vanquished Creatures
  Prince Ribbit (D:7)
  A steam dragon (D:7)
  2 orc warriors
  3 sky beasts
  2 centaurs
  4 lemures (D:6)
  A necrophage (D:3)
  2 gnoll sergeants
  5 scorpions
  4 wights
  11 killer bees (D:7)
  2 howler monkeys
  A hound (D:7)
  7 orc priests
  A gnoll bouda (D:7)
  2 iguanas
  8 orc wizards
  12 gnolls
  9 adders
  2 shadow imps
  4 white imps
  2 ufetubi
  3 worms (D:2)
  A dart slug (D:1)
  26 orcs
  4 ball pythons
  7 bats
  5 endoplasms
  A giant cockroach (D:3)
  6 goblins
  5 hobgoblins
  6 jackals
  5 quokkas
  A frilled lizard (D:3)
  9 kobolds
  6 rats
171 creatures vanquished.

Vanquished Creatures (others)
  A sky beast (D:7)
  7 fungi
8 creatures vanquished.

Grand Total: 179 creatures vanquished

Notes
Turn   | Place    | Note
-------+----------+-------------------------------------------
     0 | D:1      | Anriel the Minotaur Gladiator began the quest for the Orb.
     0 | D:1      | Reached XP level 1. HP: 18/18 MP: 0/0
   158 | D:1      | Reached XP level 2. HP: 9/25 MP: 1/1
   450 | D:1      | Reached skill level 4 in Maces & Flails
   672 | D:1      | Reached XP level 3. HP: 30/31 MP: 2/2
   694 | D:1      | Found a faded altar of an unknown god.
  1220 | D:2      | Reached XP level 4. HP: 35/39 MP: 3/3
  1460 | D:3      | Identified the +0 pair of boots of Ikhum {+Inv rElec rF-
                  | Int+6}
  1486 | D:3      | Noticed a necrophage
  1494 | D:3      | Killed a necrophage
  1495 | D:3      | Reached skill level 5 in Maces & Flails
  1495 | D:3      | Reached XP level 5. HP: 41/46 MP: 4/4
  1553 | D:3      | You fall into a shaft and drop 3 floors!
  1581 | D:5      | Entered Level 5 of the Dungeon
  1643 | D:5      | Reached skill level 1 in Armour
  1735 | D:4      | Found a staircase to the Ecumenical Temple.
  1746 | Temple   | Entered the Ecumenical Temple
  1784 | D:4      | Noticed a centaur
  1792 | D:4      | Killed a centaur
  1793 | D:4      | Reached skill level 5 in Dodging
  1793 | D:4      | Reached XP level 6. HP: 39/55 MP: 5/5
  1825 | D:4      | Found a sacrificial altar of Ru.
  1884 | D:4      | Found a bloodstained altar of Trog.
  1912 | D:4      | Found a broken altar of Ashenzari.
  1918 | D:4      | Reached skill level 5 in Fighting
  1952 | D:4      | Found a shadowy altar of Dithmenos.
  2155 | D:3      | Identified the +5 long sword of Yeast {antimagic, Fly
                  | Str+6}
  2523 | D:3      | Found a hazy altar of Hepliaklqana.
  2769 | D:4      | Found a basalt altar of Yredelemnul.
  3039 | D:4      | Became a worshipper of Ashenzari the Shackled
  3140 | D:5      | Reached skill level 1 in Evocations
  3158 | D:5      | Identified the +3 shortbow of Tuoghulu {freeze, Will+
                  | Str+6}
  3323 | D:5      | Reached XP level 7. HP: 57/61 MP: 6/6
  3325 | D:5      | Found a glowing silver altar of Zin.
  3325 | D:5      | Found a shimmering altar of Xom.
  3325 | D:5      | Noticed an angel
  3444 | D:6      | Reached skill level 6 in Maces & Flails
  3572 | D:6      | Found a radiant altar of Vehumet.
  4107 | D:6      | Reached skill level 5 in Armour
  4110 | D:6      | Reached XP level 8. HP: 67/68 MP: 7/7
  4144 | D:6      | Reached skill level 7 in Maces & Flails
  4144 | D:6      | Reached skill level 1 in Ranged Weapons
  4190 | D:6      | Found a hide-covered altar of Uskayaw.
  4627 | D:7      | Noticed Prince Ribbit
  4632 | D:7      | Killed Prince Ribbit
  4633 | D:7      | Reached skill level 8 in Maces & Flails
  4965 | D:7      | Reached skill level 5 in Evocations
  4968 | D:7      | Found a shimmering blue altar of Sif Muna.
  5110 | D:7      | Reached XP level 9. HP: 64/74 MP: 8/8
  5153 | D:7      | Paralysed by a gnoll bouda for 2 turns
  5179 | D:7      | Found an iron altar of Okawaru.
  5206 | D:7      | Found an opulent altar of Gozag.
  5238 | D:7      | Fell from the grace of Ashenzari
  5238 | D:7      | Became a worshipper of Warmaster Okawaru
  5369 | D:7      | Reached skill level 5 in Ranged Weapons
  5371 | D:7      | Reached skill level 9 in Maces & Flails
  5872 | D:7      | Identified the +4 mace of Esipn {antimagic, Str+4 Stlth-}
  6890 | D:8      | Found a glowing golden altar of the Shining One.
  7152 | D:8      | Reached * piety under Okawaru
  7274 | D:8      | Noticed Joseph
  7344 | D:8      | HP: 1/74 [Joseph/sling bullet (18)]
  7352 | D:8      | Shot with a sling bullet by Joseph

Illustrated notes

Levels and vault maps discovered:
D:1:      ebering_hopf_link, layout_rooms, shapermc_ecumenical_altar_petra
D:2:      layout_loops_cross, minivault_5, amcnicky_mini_pool_small
D:3:      kennysheep_big_flooded_room, layout_basic,
          nicolae_hepliaklqana_hippocampus
D:4:      layout_cave_pools, grunt_dithmenos_smoke, kennysheep_little_box,
          old_standard_altar, mainiacjoe_overflow_boulevard,
          mainiacjoe_overflow_alcove_1, minmay_temple_entry_statues_pillars
D:5:      layout_cave_pools, grunt_temple_overflow_order_and_chaos_1
D:6:      layout_basic, mainiacjoe_overflow_cross_hatched,
          eat_drink_and_be_merry_uskayaw, minmay_increasing_density, uniq_pikel
D:7:      layout_loops_corners, mainiacjoe_overflow_two_lobes,
          nicolae_sif_muna_condensation, minmay_fountain_box,
          lemuel_flame_loot_1, uniq_prince_ribbit1
D:8:      layout_basic, slow_altar_1, tso_oasis_becter, uniq_joseph
Temple:   hellmonk_temple_micro_hex

Skill      XL: |  1  2  3  4  5  6  7  8  9 |
---------------+----------------------------+-----
Fighting       | 3 4 5 |  5.0
Maces & Flails | 4 5 6 8 9 |  9.6
Dodging        | 4 5 |  5.2
Armour         | 2 3 5 6 |  6.8
Evocations     | 1 3 5 |  5.0
Ranged Weapons | 4 5 |  5.9
Throwing       | |  2.0

Action                   |  1- 3 |  4- 6 |  7- 9 || total
-------------------------+-------+-------+-------++-------
Melee: Flail             |    80 |    30 |       ||   110
       Headbutt          |    14 |    12 |    29 ||    55
       Morningstar       |       |    58 |   172 ||   230
       Punch             |       |       |     3 ||     3
       Mace              |       |       |     8 ||     8
Throw: Javelin           |    15 |     3 |       ||    18
       Boomerang         |       |    19 |    26 ||    45
       Dart              |       |    16 |    48 ||    64
       Throwing net      |       |       |     3 ||     3
Evoke: Wand              |       |       |     3 ||     3
  Use: Scroll            |       |    12 |     9 ||    21
       Potion            |       |       |     6 ||     6
Armor: Scale mail        |    27 |       |       ||    27
       Plate armour      |    18 |    51 |   177 ||   246
Dodge: Dodged            |    33 |    32 |    82 ||   147
